AoeStats
← Infadel

Arabia

508600311Analyzed
1v1 RM · 10d ago on Sep 23, 2026· 43m 22s· 2 players
Game mode
Random Map
Map size
Tiny (2 player)
Population
200
Speed
Normal
Resources
Standard
Victory
Conquest
Starting age
Dark Age
Ending age
Imperial Age
RankedLock teamsTeams togetherTeam positionsShared explorationLock speedFull tech treeHidden civsTurbo modeCheats
Victory
Defeat
🇮🇳 Mongols · India
1134
+14
🇲🇽 Inca · Mexico
1101
-14
Danger
7:04 Loom
9:31 Feudal Age
9:36 Champi Runner
10:05 Horse Collar
13:31 Scale Mail Armor
17:51 Double-Bit Axe
24:17 Castle Age
24:12 Forging
25:12 Squires
24:32 Pikeman
26:08 Iron Casting
26:42 Fletching
30:20 Squires
30:41 Chain Mail Armor
41:46 Stone Mining
41:50 Double-Bit Axe
42:07 Bodkin Arrow
Infadel
8:45 Feudal Age
7:00 Loom
10:18 Double-Bit Axe
17:26 Forging
21:40 Castle Age
20:50 Scale Barding Armor
20:39 Horse Collar
21:14 Gold Mining
22:48 Bow Saw
22:22 Light Cavalry
24:09 Stone Mining
26:33 Town Watch
29:17 Bloodlines
29:19 Scale Mail Armor
33:06 Wheelbarrow
33:59 Chain Barding Armor
34:43 Hand Cart
35:24 Iron Casting
39:31 Stone Shaft Mining
39:32 Gold Shaft Mining
42:17 Imperial Age
40:09 Fletching
40:20 Padded Archer Armor
41:32 Bodkin Arrow
41:53 Leather Archer Armor
43:20 Hussar
Connection lost

Rejoining the realm…

Still unreachable

The connection could not be restored.

Session expired

The server has moved on; the page needs a fresh start.